Map: Overgrown Facility

Players

OpuS - Winner!

  • Race: Protoss Protoss
  • League: Platinum
  • Spawn Location: 1:00

Sketchaphone - Winner!

  • Race: Zerg Zerg
  • League: Platinum
  • Spawn Location: 3:00

Yalpe

  • Race: Zerg Zerg
  • League: Silver
  • Spawn Location: 7:00

Zav

  • Race: Protoss Protoss
  • League: Platinum
  • Spawn Location: 9:00

VOD

Have the link to the VOD?

Description

Time

  • Played on: Feb. 27, 2019, 8:54 p.m.
  • Length: 15:13
Show
View Real Time Build Order
Export as new Build Order

OpuS Protoss - Winner!

Build Orders:  

Get SALT Encoding   

  12  0:01  Probe  
  13  0:13  Probe  
  14  0:21  Pylon  
  14  0:27  Probe  
  15  0:44  Probe, Gateway  
  16  0:52  Probe  
  16  0:53  Assimilator  
  16  0:56  Assimilator  
  17  1:02  Probe  
  18  1:16  Gateway  
  18  1:19  Probe  
  19  1:28  Probe  
  20  1:38  Cybernetics Core  
  20  1:47  Pylon  
  20  1:49  Probe  
  20  2:01  Probe  
  21  2:14  Probe  
  26  2:27  Pylon  
  26  2:33  Zealot  
  18  3:29  Pylon, Probe  
  18  3:33  Zealot  
  19  3:37  Probe  
  19  3:46  Probe  
  19  3:47  Warp Gate  
  20  3:52  Stalker  
  23  4:04  Probe, Stargate  
  24  4:12  Probe  
  25  4:20  Stalker, Probe  
  27  4:31  Probe  
  29  4:53  Pylon  
  29  4:56  Pylon  
  29  5:00  Pylon  
  29  5:03  Probe  
  30  5:10  Oracle  
  33  5:15  Probe  
  32  5:39  Nexus  
  28  5:43  Stalker  
  28  5:47  Probe  
  31  5:56  Stalker  
  33  5:59  Probe  
  33  6:02  Void Ray  
  38  6:41  Zealot x2  
  38  6:45  Twilight Council  
  42  6:50  Void Ray  
  46  7:03  Probe x2  
  48  7:18  Charge  
  48  7:24  Probe x2  
  48  7:26  Zealot  
  48  7:28  Void Ray  
  54  7:45  Probe  
  54  7:46  Probe  
  54  7:48  Zealot x2  
  60  7:53  Gateway  
  60  7:58  Gateway  
  60  8:20  Probe x2  
  60  8:26  Zealot  
  60  8:27  Zealot  
  66  8:32  Pylon, Probe x2  
  68  8:35  Pylon  
  68  8:50  Void Ray  
  68  8:53  Zealot x3  
  68  8:55  Zealot  
  80  8:58  Probe x2  
  82  9:02  Pylon  
  82  9:16  Probe x2, Templar Archives  
  84  9:21  Assimilator  
  84  9:23  Assimilator  
  72  9:38  Zealot x3  
  72  9:39  Zealot  
  70  9:53  Shield Battery  
  70  9:54  Shield Battery  
  70  9:59  Zealot x3  
  56  10:12  High Templar  
  52  10:23  High Templar  
  52  10:27  Archon  
  54  10:29  Zealot  
  54  10:33  Gateway  
  54  10:34  Gateway  
  54  10:35  Gateway  
  56  10:37  Gateway  
  56  10:56  Pylon  
  56  10:58  Pylon  
  56  11:01  Pylon, Gateway  
  45  11:27  Dark Shrine  
  45  11:38  Zealot x5  
  47  13:07  Dark Templar x3  
  47  13:11  Dark Templar  
  53  13:39  Cybernetics Core  
  53  13:42  Pylon  
  53  13:51  Dark Templar  
  55  14:53  Nexus  
  55  14:58  Dark Templar  
Show
View Real Time Build Order
Export as new Build Order

Sketchaphone Zerg - Winner!

Build Orders: Hatch First 

Get SALT Encoding   

  12  0:01  Drone  
  13  0:13  Overlord  
  13  0:20  Drone  
  14  0:23  Drone, Extractor  
  15  0:32  Drone  
  16  0:38  Drone  
  17  1:00  Hatchery  
  17  1:01  Drone  
  17  1:02  Drone  
  18  1:05  Extractor  
  18  1:10  Drone  
  18  1:18  Overlord  
  18  1:31  Drone  
  19  1:40  Drone  
  20  1:55  Spawning Pool, Drone  
  20  2:12  Drone  
  20  2:13  Evolution Chamber  
  20  2:14  Drone  
  21  2:29  Drone  
  22  2:42  Zerg Melee Weapons Level 1  
  22  2:44  Metabolic Boost, Zergling x8  
  26  2:45  Queen  
  26  2:51  Spine Crawler  
  27  2:56  Zergling x2  
  27  2:57  Overlord, Zergling x2  
  29  3:00  Zergling x2  
  30  3:13  Zergling x4  
  32  3:30  Queen  
  34  3:44  Overlord, Hatchery  
  34  3:46  Drone  
  34  3:47  Overlord  
  34  3:50  Drone  
  34  3:52  Drone x2  
  37  4:02  Zergling x6  
  40  4:04  Overlord  
  40  4:09  Zergling x2  
  41  4:17  Drone  
  41  4:18  Drone  
  41  4:20  Zergling x2  
  44  4:35  Lair  
  44  4:36  Overlord  
  44  4:45  Zergling x6  
  46  4:50  Drone  
  46  4:51  Drone x4  
  46  4:52  Drone  
  53  4:58  Queen  
  47  5:39  Zergling x2  
  45  5:44  Zerg Melee Weapons Level 2  
  45  5:47  Extractor  
  44  5:52  Overlord  
  44  5:53  Queen  
  45  5:57  Extractor  
  45  5:58  Drone x10  
  45  5:59  Extractor  
  53  6:07  Pneumatized Carapace  
  53  6:08  Zergling x2  
  52  6:37  Drone  
  51  6:46  Spire  
  50  6:52  Evolution Chamber  
  49  6:56  Overlord  
  49  6:58  Infestation Pit, Zergling x22  
  58  7:06  Zergling x4  
  60  7:09  Roach Warren  
  60  7:12  Zergling x16  
  61  7:27  Zerg Ground Armor Level 1  
  61  7:28  Zergling x6  
  64  7:37  Queen  
  66  7:46  Drone x4  
  70  7:57  Zerg Flyer Weapons Level 1  
  67  8:13  Queen  
  66  8:28  Zergling x8  
  69  8:36  Zergling x24  
  73  8:43  Mutalisk x2  
  73  8:48  Drone  
  75  8:51  Extractor  
  72  8:57  Hatchery  
  71  9:05  Nydus Network  
  71  9:07  Hive  
  71  9:09  Drone  
  71  9:11  Drone  
  71  9:14  Mutalisk  
  74  9:19  Drone  
  75  9:25  Mutalisk  
  75  9:26  Mutalisk  
  79  9:41  Mutalisk  
  79  9:42  Mutalisk x3  
  82  10:11  Zergling x16  
  82  10:13  Overlord  
  82  10:14  Overlord  
  86  10:17  Mutalisk x2  
  80  10:43  Mutalisk x4  
  80  10:44  Mutalisk x3  
  80  10:48  Drone x2  
  96  11:02  Zergling x4, Mutalisk x2  
  102  11:09  Adrenal Glands  
  100  11:43  Roach  
  100  11:44  Overlord, Roach  
  87  12:03  Zergling x26  
  96  12:13  Roach  
  96  12:14  Roach x2  
  98  12:25  Roach x2  
  98  12:26  Roach  
  104  12:38  Zerg Flyer Weapons Level 2  
  104  12:47  Nydus Canal  
  104  12:52  Zergling x16  
  106  13:21  Roach  
  106  13:22  Roach x2  
  111  13:28  Ultralisk Cavern  
  111  13:31  Hydralisk Den  
  111  13:33  Roach  
  111  13:34  Overlord x2  
  94  14:03  Zergling x12  
  94  14:06  Zergling x16  
  101  14:15  Hydralisk x2  
  92  14:35  Roach x5  
  94  14:45  Zergling x6  
Show
View Real Time Build Order
Export as new Build Order

Yalpe Zerg 

Build Orders: Pool First 

Get SALT Encoding   

  12  0:01  Drone  
  13  0:08  Drone  
  14  0:29  Spawning Pool  
  14  0:30  Drone  
  14  0:38  Drone, Extractor  
  14  0:44  Drone, Extractor  
  15  0:51  Overlord  
  15  1:15  Zergling x6  
  15  1:18  Queen  
  20  1:27  Drone  
  21  1:37  Drone  
  22  1:42  Metabolic Boost  
  22  1:59  Hatchery  
  21  2:03  Drone  
  21  2:07  Overlord  
  22  2:31  Queen  
  24  2:41  Overlord  
  24  2:45  Drone x3  
  27  2:59  Drone x2  
  28  3:07  Queen  
  29  3:18  Zergling x6  
  29  3:19  Zergling x2  
  32  3:30  Drone x2  
  34  3:47  Drone x2  
  34  3:48  Drone x3  
  39  3:50  Lair  
  39  3:53  Drone  
  40  4:00  Drone  
  41  4:07  Drone x3  
  41  4:09  Extractor  
  43  4:10  Overlord x2  
  43  4:11  Extractor  
  43  4:15  Drone  
  43  4:24  Drone  
  44  4:28  Drone  
  44  4:31  Spore Crawler, Drone  
  45  4:34  Spore Crawler  
  45  4:35  Drone x3  
  47  4:41  Drone  
  44  4:47  Zergling x4  
  44  4:49  Spine Crawler  
  45  4:56  Spine Crawler  
  45  4:57  Zergling x2  
  45  5:01  Zergling x2  
  45  5:05  Baneling Nest  
  45  5:07  Zergling x4  
  45  5:08  Zergling x4  
  47  5:24  Zergling x6  
  47  5:25  Zergling x4  
  31  5:38  Drone x5  
  31  5:39  Drone  
  34  5:48  Queen  
  36  5:51  Drone x2  
  38  5:59  Drone x2  
  40  6:10  Baneling x4  
  39  6:19  Zergling x2  
  39  6:20  Zergling x10  
  41  6:42  Drone x3  
  41  6:43  Drone x2  
  41  6:45  Drone  
  47  6:56  Drone x2  
  49  7:11  Zergling x10  
  53  7:20  Drone x2  
  53  7:21  Drone x2  
  55  7:44  Hydralisk Den  
  55  7:50  Extractor  
  53  7:56  Drone  
  53  7:57  Drone x2  
  53  7:58  Overlord x3  
  41  8:14  Zergling x8  
  41  8:15  Zergling x4  
  33  8:24  Zergling x6  
  33  8:25  Zergling x2  
  32  8:36  Drone x3  
  32  8:37  Drone  
  32  8:38  Queen x2  
  14  8:51  Baneling x5  
  14  8:52  Drone x3  
  16  9:05  Drone x2  
  18  9:13  Queen  
  18  9:16  Hydralisk x2  
  18  9:17  Hydralisk  
  20  9:24  Drone  
  27  9:40  Drone x3  
  30  9:58  Drone x4  
  30  9:59  Drone x3  
  37  10:17  Hydralisk x2  
  40  10:40  Hydralisk x2  
  40  10:41  Hydralisk  
  46  10:44  Drone x2  
  46  10:46  Drone  
  49  10:59  Drone x4  
  53  11:06  Drone x2  
  55  11:15  Drone x3  
  58  11:31  Hydralisk x2  
  58  11:32  Hydralisk x2  
  66  11:40  Hydralisk  
  66  11:43  Hydralisk  
  58  11:47  Drone  
  58  11:48  Drone x3  
  51  11:54  Hydralisk  
  51  11:55  Hydralisk  
  49  12:05  Hydralisk x2  
  53  12:10  Hydralisk  
  55  12:16  Drone  
  55  12:18  Queen  
  55  12:22  Grooved Spines  
  58  12:27  Spore Crawler  
  57  12:41  Drone x2  
  57  12:42  Drone x4  
  63  13:12  Hatchery  
  55  13:18  Hydralisk  
  55  13:19  Hydralisk x5  
  37  13:30  Hydralisk x2  
  41  14:06  Hatchery  
  40  14:21  Spawning Pool, Hydralisk  
  41  14:50  Drone x3  
Show
View Real Time Build Order
Export as new Build Order

Zav Protoss 

Build Orders:  

Get SALT Encoding   

  1  0:00  Probe  
  12  0:06  Probe  
  14  0:16  Probe  
  15  0:24  Pylon  
  15  0:42  Probe  
  16  0:48  Gateway  
  16  0:54  Probe  
  16  0:55  Assimilator  
  17  1:02  Probe, Gateway  
  17  1:11  Probe  
  19  1:20  Pylon  
  19  1:22  Probe  
  20  1:34  Probe  
  20  1:39  Cybernetics Core  
  21  1:53  Zealot x2  
  25  1:54  Probe  
  25  1:59  Assimilator  
  26  2:09  Probe  
  27  2:30  Nexus  
  27  2:39  Warp Gate  
  27  2:43  Twilight Council  
  27  2:48  Probe  
  28  2:59  Charge  
  28  3:02  Probe  
  29  3:07  Sentry  
  31  3:13  Pylon  
  31  3:15  Pylon  
  31  3:31  Probe  
  32  3:43  Probe  
  32  3:46  Gateway  
  32  3:48  Robotics Facility  
  33  3:49  Probe  
  33  3:55  Probe  
  35  3:56  Zealot  
  37  4:10  Probe x2  
  37  4:13  Assimilator  
  39  4:17  Assimilator  
  39  4:24  Pylon x2  
  39  4:26  Probe  
  39  4:27  Probe  
  39  4:31  Observer  
  42  4:46  Immortal  
  46  4:59  Probe x2  
  48  5:02  Adept x3  
  54  5:38  Probe  
  54  5:39  Probe  
  54  5:42  Zealot x3  
  62  5:51  Probe x2  
  62  5:55  Forge  
  62  5:56  Forge  
  64  6:00  Gateway x2  
  64  6:03  Probe x2  
  66  6:15  Probe x2  
  66  6:16  Zealot x3  
  70  6:27  Probe x2  
  65  6:37  Stalker x3  
  65  6:39  Probe  
  69  6:47  Pylon  
  69  6:53  Probe x2  
  71  7:05  Probe x2  
  73  7:17  Probe x2  
  75  7:27  Templar Archives  
  75  7:29  Protoss Ground Weapons Level 1, Probe x2  
  77  7:31  Protoss Ground Armor Level 1  
  77  7:41  Probe  
  77  7:42  Probe  
  79  7:53  Probe  
  79  7:54  Probe  
  81  8:06  Probe x2  
  81  8:11  Shield Battery  
  79  8:18  Probe x2  
  73  8:26  Probe x2  
  71  8:34  Probe x2  
  73  8:42  High Templar x2  
  73  8:43  High Templar x3  
  73  8:44  Probe x2  
  85  8:56  Probe, Gateway  
  85  8:57  Archon x2  
  85  9:02  Pylon  
  86  9:20  Probe  
  85  9:48  Zealot x3  
  85  9:49  Zealot  
  89  9:54  Pylon  
  89  9:56  Pylon  
  89  9:57  Pylon  
  89  9:58  Pylon  
  65  10:25  Zealot x2  
  60  10:42  Probe  
  61  10:49  Nexus  
  61  10:54  Probe  
  61  10:55  Pylon  
  61  10:56  Pylon  
  62  10:58  Pylon  
  62  11:00  Nexus, Pylon  
  62  11:06  Probe  
  63  11:18  Probe  
  64  11:30  Probe  
  63  11:36  Robotics Facility  
  63  11:41  Templar Archives  
  63  11:43  Gateway  
  63  11:45  Stalker x4  
  66  12:29  Probe  
  58  12:33  Shield Battery  
  54  12:39  Probe  
  54  12:41  Probe  
  56  12:51  Probe  
  57  12:53  Probe  
  58  13:03  Probe  
  59  13:06  Probe  
  60  13:15  Probe  
  60  13:18  High Templar, Probe  
  60  13:19  High Templar x3  
  70  13:24  Archon x2  
  70  13:27  Probe  
  70  13:30  Probe  
  72  13:39  Probe  
  73  13:42  Probe  
  73  13:45  Observer  
  68  13:54  Probe  
  68  13:55  Stalker x2  
  73  13:59  High Templar  
  73  14:00  High Templar  
  68  14:04  Archon  
  68  14:06  Probe  
  68  14:18  Probe  
  65  14:32  High Templar x2  
  65  14:33  High Templar x2  
Tags
 
Add a new tag
Caveats
  • Supply blocks, unpowered buildings, or Contaminate may cause inaccurate times.
  • Supply counts are checked every 10 seconds.